 Dungeon Crawl Stone Soup version 0.30-a0-168-g0b976cbdc4 (webtiles) character file.

Game seed: 11533938731631455051

4919 Pooter the Cleaver (level 10, -12/93 HPs)
             Began as a Minotaur Berserker on Sept 29, 2022.
             Was a Priest of Trog.
             Mangled by a two-headed ogre
             ... wielding a +0 giant club
              (30 damage)
             ... on level 8 of the Dungeon.
             The game lasted 00:33:12 (8821 turns).

Pooter the Cleaver (Minotaur Berserker)             Turns: 8821, Time: 00:33:13

Health: -12/93     AC: 11    Str: 24    XL:     10   Next: 27%
Magic:  9/9        EV: 11    Int:  6    God:    Trog [***...]
Gold:   313        SH:  0    Dex: 16    Spells: 9/9 levels left

rFire   . . .      SeeInvis .    i - +3 war axe
rCold   + . .      Faith    .    (no shield)
rNeg    . . .      Spirit   .    B - +3 ring mail {rPois}
rPois   +          Reflect  .    (helmet restricted)
rElec   .          Harm     .    p - +0 cloak
rCorr   .          Rampage  .    y - +0 pair of gloves
Will    .....                    W - +0 pair of boots
Stlth   +.........               (no amulet)
HPRegen 0.25/turn                D - ring of protection from cold
MPRegen 0.11/turn                L - +6 ring of dexterity

@: mighty, on berserk cooldown, slowed, very slow
A: horns 2, retaliatory headbutt
a: Renounce Religion, Berserk, Trog's Hand


You were on level 8 of the Dungeon.
You worshipped Trog.
Trog was most pleased with you.
You visited 1 branch of the dungeon, and saw 8 of its levels.

You collected 313 gold pieces.

Inventory:

Hand Weapons
 a - a +2 executioner's axe of electrocution
   (You acquired it on level 8 of the Dungeon)
 i - a +3 war axe (weapon)
   (You found it on level 5 of the Dungeon)
 u - a +0 halberd
   (You took it off a gnoll on level 2 of the Dungeon)
 R - a +4 trident
   (You took it off a wight on level 7 of the Dungeon)
 T - the +12 spear of the Mushroom {vorpal, rC+ Int+5}
   (You found it on level 8 of the Dungeon)

   It inflicts extra damage upon your enemies.
   Int:       It affects your intelligence (+5).
   rC:        It protects you from cold.
Missiles
 m - 3 atropa-tipped darts
 F - 9 poisoned darts
 H - a throwing net {!f}
 Q - 62 stones (quivered)
 S - 2 boomerangs
 V - a curare-tipped dart
Armour
 g - a +0 chain mail
   (You found it on level 6 of the Dungeon)
 p - a +0 cloak (worn)
   (You found it on level 7 of the Dungeon)
 r - a scarf of shadows
   (You found it on level 8 of the Dungeon)
 y - a +0 pair of gloves (worn)
   (You found it on level 3 of the Dungeon)
 B - a +3 ring mail of poison resistance (worn)
   (You took it off a hobgoblin on level 4 of the Dungeon)
 W - a +0 pair of boots (worn)
   (You found it on level 6 of the Dungeon)
Jewellery
 l - a ring of fire
   (You found it on level 2 of the Dungeon)
 v - a +6 ring of intelligence
   (You took it off a gnoll on level 3 of the Dungeon)
 C - a ring of resist corrosion
   (You found it on level 4 of the Dungeon)
 D - a ring of protection from cold (left hand)
   (You found it on level 4 of the Dungeon)
 I - a ring of protection from cold
   (You found it on level 1 of the Dungeon)
 L - a +6 ring of dexterity (right hand)
   (You found it on level 7 of the Dungeon)
 N - a ring of positive energy
   (You found it on level 5 of the Dungeon)
 O - a ring of flight
   (You found it on level 7 of the Dungeon)
 P - a ring of poison resistance
   (You found it on level 2 of the Dungeon)
Wands
 d - a wand of iceblast (9)
   (You found it on level 8 of the Dungeon)
 j - a wand of quicksilver (4)
   (You took it off Ijyb on level 3 of the Dungeon)
 E - a wand of mindburst (7)
   (You found it on level 8 of the Dungeon)
Scrolls
 f - a scroll of magic mapping {unknown}
 h - 2 scrolls of fear
 o - a scroll of enchant armour {unknown}
 t - 2 scrolls of teleportation {@r4}
 w - a scroll of noise {unknown}
 x - a scroll of poison {!r}
 G - 3 scrolls of vulnerability {!r}
 J - 2 scrolls of immolation {unknown}
 K - 2 scrolls of blinking {unknown}
 M - a scroll of silence {unknown}
Potions
 b - 3 potions of haste {unknown}
 c - 3 potions of mutation {unknown}
 e - 6 potions of curing {@q1}
 k - 2 potions of degeneration {unknown}
 n - a potion of invisibility {unknown}
 q - a potion of cancellation {unknown}
 s - 3 potions of might
 z - a potion of heal wounds {unknown}
 A - 2 potions of resistance {unknown}
 U - a potion of brilliance {unknown}


   Skills:
 + Level 10.2 Fighting
 * Level 13.5(13.6) Axes
 - Level 2.1(9.0) Polearms
 - Level 2.4 Armour
 - Level 2.1 Dodging
 - Level 5.7 Evocations


You had 9 spell levels left.
You didn't know any spells.
Your spell library was empty.

Dungeon Overview and Level Annotations

Branches:
Dungeon (8/15)             Temple (0/1) D:6            Lair (0/5) D:8

Altars:
Elyvilon
Fedhas
Gozag
Hepliaklqana
Makhleb
Okawaru
Ru
Sif Muna
Uskayaw
Vehumet
Yredelemnul


Innate Abilities, Weirdness & Mutations

You have a pair of horns on your head.
You reflexively headbutt those who attack you in melee.


Message History

The tengu warrior unwields a +0 great sword.
The tengu warrior wields a +0 arbalest.
The tengu warrior shoots a bolt.
The bolt hits you!!
You slash the centaur!
You kill the centaur!
Trog accepts your kill.
The killer bee stings you but does no damage.
You slash the killer bee!
You kill the killer bee!
Trog accepts your kill.
The tengu warrior shoots a bolt.
The bolt hits you.
Found 8 stones.
You feel the effects of Trog's Hand fading.
The tengu warrior shoots a bolt.
The bolt hits you!
The tengu warrior shoots a bolt.
The bolt hits you!!
* * * LOW HITPOINT WARNING * * *
You hear two shouts!
A red film seems to cover your vision as you go berserk!
You feel yourself moving faster!
You feel mighty!
You hear a shout!
You slice the tengu warrior!! Your headbutt misses the tengu warrior.
A two-headed ogre comes into view. It is wielding two +0 giant clubs.
The tengu warrior unwields a +0 arbalest.
The tengu warrior wields a +0 great sword.
The tengu warrior hits you with a +0 great sword!
* * * LOW HITPOINT WARNING * * *
The tengu warrior pecks you but does no damage.
The tengu warrior claws you.
* * * LOW HITPOINT WARNING * * *
You slice the tengu warrior!!
Unknown command.
You barely miss the tengu warrior. You headbutt the tengu warrior!
You kill the tengu warrior!
Trog accepts your kill.
Your Fighting skill increases to level 10!
Found a ring mail.
You now have 313 gold pieces (gained 10).
Items here: )) [ †.
Your skin stops crawling.
You feel less strong-willed.
You feel a strong urge to attack something.
You feel your anger nearly subside.
You are no longer berserk.
You are exhausted.
You feel yourself slow down.
r - a scarf of shadows You feel very mighty all of a sudden.
You slash the two-headed ogre!
The two-headed ogre barely misses you. x2
You slash the two-headed ogre!
Your headbutt misses the two-headed ogre.
The two-headed ogre hits you with a +0 giant club!!
You die...

#......####.....####..#.###..
###.#### ###...##......# #..
#'# ###.........# #.. ###
##.## ##### ####......# #..
..# #...# (..### #......###..
..#####.#####.##[#
###.......#.
..##.##)##.##)##.# #.........
..##........†..O.# #..#....##
..##.##.##.##.##@# #......<#.
####.##.#####.#### ##.#.####.
## ###...# ... #..).#).. .#
##### ##.## ###..#)## )# #O#
#..))# .# ... #...### .###
#.# #...# ...# #...# ##.####
##.##


You could see a two-headed ogre.

Vanquished Creatures
  A tengu warrior (D:8)
  Pikel (D:7)
  Psyche (D:8)
  A basilisk (D:8)
  2 humans (D:7)
  3 wargs
  Duvessa (D:7)
  A water moccasin (D:7)
  3 ice beasts
  A sky beast (D:8)
  2 ogres (D:5)
  A centaur (D:8)
  4 bullfrogs
  A lemure (D:7)
  3 kobold brigands
  A gnoll sergeant (D:5)
  2 scorpions
  4 wights (D:7)
  Dowan (D:7)
  2 killer bees (D:8)
  3 orc priests
  A gnoll bouda (D:8)
  5 hounds
  4 jellies
  4 iguanas
  Ijyb (D:3)
  7 orc wizards
  7 adders
  17 gnolls
  2 shadow imps (D:7)
  2 white imps
  2 ufetubi (D:6)
  4 worms
  3 dart slugs
  20 orcs
  5 ball pythons
  5 bats
  9 endoplasms
  3 giant cockroaches
  A goblin (D:2)
  6 hobgoblins
  A quokka (D:3)
  3 frilled lizards
  12 kobolds
  3 rats
166 creatures vanquished.

Vanquished Creatures (others)
  2 fungi (D:2)
  3 plants (D:2)
5 creatures vanquished.

Grand Total: 171 creatures vanquished

Notes
Turn   | Place    | Note
-------+----------+-------------------------------------------
     0 | D:1      | Pooter the Minotaur Berserker began the quest for the Orb.
     0 | D:1      | Reached XP level 1. HP: 19/19 MP: 0/0
   273 | D:1      | Reached skill level 4 in Axes
   481 | D:1      | Reached XP level 2. HP: 24/27 MP: 1/1
  1316 | D:2      | Reached XP level 3. HP: 28/33 MP: 2/2
  1869 | D:2      | Found a faded altar of an unknown god.
  2039 | D:2      | Reached skill level 5 in Axes
  2665 | D:3      | Reached XP level 4. HP: 6/41 MP: 3/3
  2942 | D:3      | Noticed Ijyb
  3150 | D:2      | Reached skill level 6 in Axes
  3341 | D:2      | Reached XP level 5. HP: 38/47 MP: 4/4
  3404 | D:3      | Killed Ijyb
  3405 | D:3      | Reached skill level 5 in Fighting
  3652 | D:3      | Reached ** piety under Trog
  3667 | D:3      | Found a shimmering blue altar of Sif Muna.
  3754 | D:3      | Reached skill level 7 in Axes
  3984 | D:3      | Reached XP level 6. HP: 53/56 MP: 5/5
  4266 | D:3      | Found an opulent altar of Gozag.
  4420 | D:4      | Reached skill level 1 in Polearms
  4659 | D:4      | Found a white marble altar of Elyvilon.
  4659 | D:4      | Found a hide-covered altar of Uskayaw.
  4666 | D:4      | Found a radiant altar of Vehumet.
  4668 | D:4      | Found a burning altar of Makhleb.
  4670 | D:4      | Found a faded altar of an unknown god.
  5000 | D:5      | Entered Level 5 of the Dungeon
  5347 | D:5      | Reached skill level 1 in Evocations
  5347 | D:5      | Reached XP level 7. HP: 62/63 MP: 6/6
  5367 | D:5      | Reached skill level 8 in Axes
  5914 | D:6      | Found a staircase to the Ecumenical Temple.
  6209 | D:6      | Reached XP level 8. HP: 73/73 MP: 7/7
  6217 | D:6      | Reached skill level 9 in Axes
  6400 | D:6      | Found a hazy altar of Hepliaklqana.
  6406 | D:6      | Found a sacrificial altar of Ru.
  6417 | D:6      | Found a basalt altar of Yredelemnul.
  6584 | D:7      | Noticed Duvessa
  6584 | D:7      | Noticed Dowan
  6608 | D:7      | Killed Duvessa
  6660 | D:7      | Killed Dowan
  6715 | D:7      | Found a blossoming altar of Fedhas.
  6981 | D:7      | Noticed Pikel
  6995 | D:7      | Killed Pikel
  6996 | D:7      | Reached skill level 10 in Axes
  7341 | D:7      | Reached XP level 9. HP: 68/81 MP: 8/8
  7452 | D:7      | Reached skill level 11 in Axes
  7500 | D:7      | Found an iron altar of Okawaru.
  7669 | D:7      | Reached *** piety under Trog
  8227 | D:8      | Noticed Psyche
  8238 | D:8      | Killed Psyche
  8239 | D:8      | Reached skill level 12 in Axes
  8239 | D:8      | Reached skill level 5 in Evocations
  8398 | D:8      | Identified the +12 spear of the Mushroom {vorpal, rC+
                  | Int+5}
  8412 | D:8      | Found a staircase to the Lair.
  8752 | D:8      | Reached XP level 10. HP: 92/92 MP: 9/9
  8774 | D:8      | Identified a scroll of acquirement
  8775 | D:8      | Acquired a +2 executioner's axe of electrocution
  8803 | D:8      | Reached skill level 13 in Axes
  8803 | D:8      | Noticed a tengu warrior
  8810 | D:8      | Noticed a two-headed ogre
  8812 | D:8      | Killed a tengu warrior
  8813 | D:8      | Reached skill level 10 in Fighting
  8821 | D:8      | Mangled by a two-headed ogre

Illustrated notes

Levels and vault maps discovered:
D:1:      lemuel_arrival_hallway, layout_loops_corners
D:2:      layout_loops_ring, shapermc_ecumenical_altar_mp_ritualfount,
          minmay_hedge_maze
D:3:      layout_loops_ring, lemuel_coloured_pillars_altar,
          grunt_gozag_breadcrumbs, uniq_ijyb
D:4:      layout_basic, chequers_temple_overflow_minitemple
D:5:      layout_basic, kennysheep_generic_room_8
D:6:      layout_gridville, grunt_temple_overflow_open,
          minmay_temple_entry_tees, amcnicky_mini_pool_small, skrybe_limestone_x
D:7:      layout_basic, general_overflow_altar, okawaru_humans,
          kennysheep_generic_room_6, uniq_duvessa, uniq_pikel
D:8:      hangedman_cross_veins, layout_basic, slow_altar_1,
          erik_lair_orcish_takeover, supply_closet_lemuel, uniq_psyche

Skill      XL: |  1  2  3  4  5  6  7  8  9 10 |
---------------+-------------------------------+-----
Axes           | 4 5 6 7 8 10 12 13 | 13.5
Fighting       | 4 5 6 7 8 9 10 | 10.2
Polearms       | 2 |  2.1
Evocations     | 1 2 4 5 |  5.7
Armour         | |  2.4
Dodging        | |  2.1

Action                   |  1- 3 |  4- 6 |  7- 9 | 10-12 || total
-------------------------+-------+-------+-------+-------++-------
Melee: Hand axe          |   101 |    39 |       |       ||   140
       Headbutt          |    18 |    14 |    31 |     4 ||    67
       Spear             |       |    42 |       |       ||    42
       War axe           |       |     8 |   174 |    25 ||   207
       Punch             |       |     1 |     5 |       ||     6
Throw: Stone             |       |     2 |     1 |       ||     3
       Dart              |       |     2 |     4 |       ||     6
       Throwing net      |       |       |     1 |       ||     1
Invok: Berserk           |     3 |     4 |     5 |     1 ||    13
       Trog's Hand       |       |       |     3 |     2 ||     5
Evoke: Wand              |       |       |     4 |       ||     4
  Use: Scroll            |     3 |     2 |     5 |     2 ||    12
       Potion            |       |       |       |     1 ||     1
 Stab: Invisible         |       |     1 |       |       ||     1
Armor: Animal skin       |    12 |       |       |       ||    12
       Scale mail        |    18 |    20 |       |       ||    38
       Ring mail         |       |     6 |    63 |     8 ||    77
       Chain mail        |       |       |     4 |       ||     4
Dodge: Dodged            |    46 |    38 |   114 |    10 ||   208

Table legend: (Time is in decaauts)
 A = Elapsed time spent in this place.
 B = Non-inter-level travel time spent in this place.
 C = Inter-level travel time spent in this place.
 D = Time resting spent in this place.
 E = Time spent auto-exploring this place.
 F = Levels seen in this place.
 G = Mean time per level.
                   A        B        C        D        E       F      G
               +--------+--------+--------+--------+--------+-----+--------+
         Total |   8929 |   8698 |    231 |   1848 |   5573 |   8 | 1116.1 |
       Dungeon |   8929 |   8698 |    231 |   1848 |   5573 |   8 | 1116.1 |
               +--------+--------+--------+--------+--------+-----+--------+

Top non-repeatable levels by time:
     D:2: 2103 daAuts
     D:7: 1292 daAuts
     D:3: 1285 daAuts
     D:1: 1028 daAuts
     D:8: 998 daAuts
     D:5: 903 daAuts
     D:6: 662 daAuts
     D:4: 654 daAuts
